 Dungeon Crawl Stone Soup version 0.29.0-4-gdea44cf6ec (webtiles) character file.

Game seed: 16240586950128961084

8489 qw the Cleaver (level 11, -1/94 HPs)
             Began as a Minotaur Berserker on Sept 9, 2022.
             Was an Elder of Trog.
             Slain by a hornet (4 damage)
             ... while paralysed by a hornet
             ... on level 1 of the Lair of Beasts.
             The game lasted 00:03:21 (11867 turns).

qw the Cleaver (Minotaur Berserker)                Turns: 11867, Time: 00:03:22

Health: -1/94      AC: 17    Str: 25    XL:     11   Next: 10%
Magic:  10/10      EV:  2    Int:  4    God:    Trog [****..]
Gold:   460        SH:  0    Dex: 17    Spells: 10/10 levels left

rFire   . . .      SeeInvis +   Y - +0 war axe (venom)
rCold   . . .      Faith    .   k - +0 kite shield
rNeg    . . .      Spirit   .   p - +4 chain mail
rPois   .          Reflect  .   (helmet restricted)
rElec   .          Harm     .   (no cloak)
rCorr   .          Rampage  .   l - +0 pair of gloves
Will    +....                   n - +0 pair of boots
Stlth   ..........              (no amulet)
HPRegen 0.25/turn               t - ring of see invisible
MPRegen 0.12/turn               j - +6 ring of dexterity

@: paralysed, lethally poisoned (-1 -> -30), slowed
A: horns 2, retaliatory headbutt, hooves 1, strong-willed 1
a: Renounce Religion, Berserk, Trog's Hand, Brothers in Arms


You were on level 1 of the Lair of Beasts.
You worshipped Trog.
Trog was greatly pleased with you.
You visited 2 branches of the dungeon, and saw 9 of its levels.

You collected 550 gold pieces.
You spent 90 gold pieces at shops.


Innate Abilities, Weirdness & Mutations

You have a pair of horns on your head.
You reflexively headbutt those who attack you in melee.
You have large cloven feet.
You are strong-willed. (Will+)


   Skills:
 - Level 8.0 Fighting
 + Level 14.9 Axes
 - Level 1.1 Throwing
 - Level 6.8 Armour
 - Level 4.0 Dodging
 - Level 10.1 Shields


You had 10 spell levels left.
You didn't know any spells.
Your spell library was empty.

Inventory:

Hand Weapons
 a - a +1 flail of protection
 Y - a +0 war axe of venom (weapon)
Armour
 k - a +0 kite shield (worn)
 l - a +0 pair of gloves (worn)
 n - a +0 pair of boots (worn)
 p - a +4 chain mail (worn)
Jewellery
 j - a +6 ring of dexterity (right hand)
 m - a ring of fire
 s - a ring of positive energy
 t - a ring of see invisible (left hand)
Scrolls
 d - 4 scrolls of teleportation
 f - 4 scrolls of identify
Potions
 b - a potion of heal wounds
 c - 4 potions of might
 e - 6 potions of haste
 g - 3 potions of mutation
 q - a potion of curing

Dungeon Overview and Level Annotations

Branches:
Dungeon (8/15)             Temple (0/1) D:5            Lair (1/5) D:8

Altars:
Sif Muna
Zin

Shops:
D:5 [

Annotations:
D:6 1 runed translucent door, qw's ghost, novice GrFi
D:8 2 transporters, qw's ghost, novice FoCA
Lair:1 3 runed translucent doors, qw's ghost, journeyman TrCA


Message History

You feel as though you will be slow longer.
You slash the hornet!
You kill the hornet!
Trog accepts your kill.
You closely miss the hornet. You barely miss the hornet.
You closely miss the hornet.
You feel very sick. The hornet barely misses you.
The hornet stings you but does no damage.
You block the hornet's attack.
The hornet stings you but does no damage.
A hornet comes into view.
The hornet stings you!
You are more poisoned.
You feel as though you will be slow longer.
The hornet stings you but does no damage.
You hit the hornet but do no damage. You headbutt the hornet!
The hornet is severely wounded.
You slash the hornet!
The hornet is poisoned.
You slash the hornet!
The hornet looks as sick as possible!
You feel very sick.
You kill the hornet!
Trog accepts your kill.
You can now call in reinforcements.
You block the hornet's attack. The hornet stings you!
You feel as though you will be slow longer.
The hornet stings you!
You are more poisoned.
You suddenly lose the ability to move!
The hornet stings you.
You feel as though you will be slow longer.
You feel very sick.
You kill the hornet!
Trog accepts your kill. The hornet stings you!
You feel as though you will be slow longer.
You feel very sick. The hornet stings you.
You are more poisoned.
You feel as though you will be slow longer.
The hornet stings you.
You die...

#.....# ...... #
#.....##.......##
#...#..###+++###.
#..###...........
#.......######.#.
#..#...## ###.
#..=..#### #####.
.#######.%...##P###.#P#.
.......@%...............
......yy%.....[.........
.................>.....[
###.#..#....#.#########.
# #####.##.### ##
#.#.#...## # #. .##...##
# .# #.#....# #. ##...##


You could see 2 hornets.

Vanquished Creatures
  3 elephants (Lair:1)
  A cane toad (Lair:1)
  A komodo dragon (Lair:1)
  A troll (D:7)
  Prince Ribbit (D:5)
  4 hornets (Lair:1)
  Grinder (D:3)
  Sigmund (D:5)
  4 yaks (D:7)
  2 wyverns
  Grum (D:8)
  2 steam dragons
  Menkaure (D:6)
  3 wargs (D:8)
  2 water moccasins
  3 orc warriors
  2 ice beasts
  2 ogres
  3 black bears
  A centaur (D:6)
  4 wolves (D:8)
  2 kobold brigands
  5 bullfrogs
  A necrophage (D:6)
  A scorpion (D:7)
  5 wights (D:7)
  6 killer bees (D:7)
  A jelly (D:4)
  3 hounds
  3 gnoll boudas
  8 orc priests
  Jessica (D:2)
  An iguana (D:6)
  Terence (D:3)
  5 orc wizards
  15 gnolls
  7 adders
  A shadow imp (D:7)
  A white imp (D:5)
  An ufetubus (D:5)
  7 worms
  2 dart slugs
  37 orcs
  4 bats
  8 endoplasms
  8 giant cockroaches
  A goblin (D:4)
  7 hobgoblins
  2 jackals (D:5)
  5 quokkas
  6 ball pythons
  2 frilled lizards (D:2)
  12 kobolds
  2 rats
214 creatures vanquished.

Vanquished Creatures (others)
  A fungus (Lair:1)
  10 plants
11 creatures vanquished.

Grand Total: 225 creatures vanquished

Notes
Turn   | Place    | Note
-------+----------+-------------------------------------------
     0 | D:1      | qw the Minotaur Berserker began the quest for the Orb.
     0 | D:1      | Reached XP level 1. HP: 19/19 MP: 0/0
     0 | D:1      | 0 ||| qw: Version: 0.1-a-113-g051387a
     0 | D:1      | 0 ||| qw: Game counter: 7106
     0 | D:1      | 0 ||| qw: Always use a shield: true
     0 | D:1      | 0 ||| qw: Do Orc after D:15 true
     0 | D:1      | 0 ||| qw: Do second Lair branch before Depths: true
     0 | D:1      | 0 ||| qw: Lair rune preference: random
     0 | D:1      | 0 ||| qw: Plans: Normal
     0 | D:1      | 0 ||| PLANNING D:1-11
    83 | D:1      | Reached skill level 4 in Axes
   559 | D:1      | Reached XP level 2. HP: 26/26 MP: 1/1
   840 | D:1      | Found a faded altar of an unknown god.
  1295 | D:1      | 1295 ||| UPGRADING to +0 ring mail.
  1305 | D:1      | 1305 ||| DROPPING +0 animal skin.
  1306 | D:1      | 1306 ||| READING scroll labelled ZOFFOI WIANAU.
  1307 | D:1      | 1307 ||| READING scroll labelled VITSAE LYITOYWN.
  1308 | D:1      | 1308 ||| READING scroll labelled COAJUQ VENA.
  1312 | D:1      | 1312 ||| READING scroll labelled IDWUEGHE DOMELU.
  1496 | D:2      | 1496 ||| Stepping ~*~*~tactically~*~*~ (stealth).
  1783 | D:2      | 1783 ||| READING scroll of enchant weapon.
  1783 | D:2      | 1783 ||| ENCHANTING +1 hand axe.
  1835 | D:2      | Reached skill level 5 in Axes
  1970 | D:2      | Noticed Jessica
  1971 | D:2      | 1971 ||| Stepping ~*~*~tactically~*~*~ (hiding).
  1972 | D:2      | 1972 ||| Stepping ~*~*~tactically~*~*~ (hiding).
  1977 | D:2      | Killed Jessica
  1978 | D:2      | Reached XP level 3. HP: 31/31 MP: 2/2
  2416 | D:2      | 2416 ||| INVOKING Berserk.
  2551 | D:2      | 2551 ||| DROPPING +0 club.
  2625 | D:2      | 2625 ||| UPGRADING to +6 ring of intelligence.
  2626 | D:2      | 2626 ||| READING scroll labelled VIGOTIKKEDGH.
  2627 | D:2      | 2627 ||| READING 2 scrolls labelled GIUCLU DAEN.
  2628 | D:2      | 2628 ||| READING scroll labelled SIRUGA XU ERUW.
  2629 | D:2      | 2629 ||| DRINKING 2 smoky white potions.
  2629 | D:2      | Gained mutation: You have large cloven feet. [potion of
                  | mutation]
  2629 | D:2      | Gained mutation: You are strong-willed. (Will+) [potion of
                  | mutation]
  2690 | D:3      | 2690 ||| DROPPING +0 mace.
  2710 | D:3      | HP: 5/31 [orc priest/divine providence (13)]
  2711 | D:3      | 2711 ||| READING 3 scrolls of teleportation.
  2712 | D:3      | 2712 ||| INVOKING Berserk.
  2715 | D:3      | Reached skill level 6 in Axes
  2715 | D:3      | Reached XP level 4. HP: 11/39 MP: 3/3
  2963 | D:3      | Noticed Terence
  2968 | D:3      | 2968 ||| INVOKING Berserk.
  2972 | D:3      | Killed Terence
  3191 | D:3      | Reached ** piety under Trog
  3192 | D:3      | 3192 ||| DROPPING +1 mace of venom.
  3325 | D:3      | 3325 ||| Stepping ~*~*~tactically~*~*~ (stealth).
  3330 | D:3      | 3330 ||| Stepping ~*~*~tactically~*~*~ (stealth).
  3376 | D:3      | 3376 ||| Stepping ~*~*~tactically~*~*~ (stealth).
  3379 | D:3      | 3379 ||| Stepping ~*~*~tactically~*~*~ (stealth).
  3382 | D:3      | 3382 ||| Stepping ~*~*~tactically~*~*~ (stealth).
  3390 | D:3      | Reached XP level 5. HP: 45/45 MP: 4/4
  3390 | D:3      | Noticed Grinder
  3391 | D:3      | 3391 ||| INVOKING Trog's Hand.
  3395 | D:3      | 3395 ||| INVOKING Berserk.
  3397 | D:3      | Reached skill level 7 in Axes
  3400 | D:3      | Killed Grinder
  3401 | D:3      | Reached skill level 6 in Fighting
  3401 | D:3      | Reached XP level 6. HP: 50/57 MP: 5/5
  3564 | D:3      | Found a glowing silver altar of Zin.
  3597 | D:3      | 3597 ||| Stepping ~*~*~tactically~*~*~ (stealth).
  3599 | D:3      | 3599 ||| Stepping ~*~*~tactically~*~*~ (hiding).
  3603 | D:3      | 3603 ||| INVOKING Berserk.
  3714 | D:3      | 3714 ||| READING scroll of enchant weapon.
  3714 | D:3      | 3714 ||| ENCHANTING +2 hand axe.
  3924 | D:3      | 3924 ||| UPGRADING to +0 chain mail.
  3934 | D:3      | 3934 ||| DROPPING +0 ring mail.
  3966 | D:4      | 3966 ||| Stepping ~*~*~tactically~*~*~ (stealth).
  3992 | D:4      | 3992 ||| Stepping ~*~*~tactically~*~*~ (hiding).
  3993 | D:4      | 3993 ||| Stepping ~*~*~tactically~*~*~ (hiding).
  3994 | D:4      | 3994 ||| INVOKING Berserk.
  4166 | D:4      | 4166 ||| INVOKING Berserk.
  4170 | D:4      | Reached skill level 8 in Axes
  4330 | D:4      | Noticed a steam dragon
  4331 | D:4      | 4331 ||| Stepping ~*~*~tactically~*~*~ (hiding).
  4337 | D:4      | 4337 ||| INVOKING Berserk.
  4339 | D:4      | Killed a steam dragon
  4340 | D:4      | Reached XP level 7. HP: 63/63 MP: 6/6
  4529 | D:4      | 4529 ||| Stepping ~*~*~tactically~*~*~ (hiding).
  4541 | D:4      | Reached skill level 9 in Axes
  4555 | D:4      | 4555 ||| FLEEEEING.
  4665 | D:4      | 4665 ||| Stepping ~*~*~tactically~*~*~ (hiding).
  5028 | D:4      | 5028 ||| Stepping ~*~*~tactically~*~*~ (stealth).
  5033 | D:4      | 5033 ||| INVOKING Berserk.
  5034 | D:4      | 5034 ||| INVOKING Berserk.
  5037 | D:4      | Reached skill level 3 in Armour
  5155 | D:4      | 5155 ||| Stepping ~*~*~tactically~*~*~ (stealth).
  5188 | D:4      | 5188 ||| Stepping ~*~*~tactically~*~*~ (stealth).
  5342 | D:4      | 5342 ||| DROPPING scarf of harm.
  5343 | D:4      | 5343 ||| UPGRADING to ring of positive energy.
  5344 | D:4      | 5344 ||| UPGRADING to +6 ring of dexterity.
  5346 | D:4      | 5346 ||| UPGRADING to ring of see invisible.
  5348 | D:4      | 5348 ||| UPGRADING to +6 ring of intelligence.
  5350 | D:4      | 5350 ||| UPGRADING to +6 ring of dexterity.
  5352 | D:4      | 5352 ||| DROPPING +6 ring of intelligence.
  5353 | D:4      | 5353 ||| READING scroll labelled QOTYAF XICECK.
  5354 | D:4      | 5354 ||| READING 2 scrolls of identify.
  5354 | D:4      | 5354 ||| IDENTIFYING sapphire potion
  5355 | D:4      | 5355 ||| DROPPING potion of degeneration.
  5383 | D:5      | Entered Level 5 of the Dungeon
  5387 | D:5      | 5387 ||| INVOKING Berserk.
  5460 | D:5      | 5460 ||| DROPPING +0 flail.
  5530 | D:5      | 5530 ||| Stepping ~*~*~tactically~*~*~ (stealth).
  5666 | D:5      | 5666 ||| Stepping ~*~*~tactically~*~*~ (stealth).
  5707 | D:5      | Noticed Prince Ribbit
  5710 | D:5      | 5710 ||| INVOKING Berserk.
  5716 | D:5      | Killed Prince Ribbit
  5717 | D:5      | Reached skill level 10 in Axes
  5717 | D:5      | Reached XP level 8. HP: 70/70 MP: 7/7
  5936 | D:5      | Found a staircase to the Ecumenical Temple.
  6018 | D:5      | 6018 ||| Stepping ~*~*~tactically~*~*~ (hiding).
  6022 | D:5      | 6022 ||| Stepping ~*~*~tactically~*~*~ (stealth).
  6024 | D:5      | 6024 ||| Stepping ~*~*~tactically~*~*~ (stealth).
  6027 | D:5      | 6027 ||| INVOKING Berserk.
  6029 | D:5      | Reached skill level 1 in Throwing
  6031 | D:5      | Reached skill level 3 in Dodging
  6055 | D:5      | 6055 ||| FLEEEEING.
  6056 | D:5      | 6056 ||| FLEEEEING.
  6060 | D:5      | 6060 ||| STAIRDANCE
  6162 | D:4      | 6162 ||| READING scroll labelled ZOBRELASSE.
  6163 | D:4      | 6163 ||| READING scroll labelled PUDOYQUAHE.
  6176 | D:5      | 6176 ||| Stepping ~*~*~tactically~*~*~ (stealth).
  6181 | D:5      | 6181 ||| INVOKING Berserk.
  6184 | D:5      | Reached skill level 11 in Axes
  6290 | D:5      | 6290 ||| SWAPPING to +2 hand axe of freezing.
  6291 | D:5      | 6291 ||| DROPPING +3 hand axe of chaos.
  6300 | D:5      | Found Iwox's Armour Shoppe.
  6310 | D:5      | 6310 ||| BUYING +0 kite shield (45 gold).
  6310 | D:5      | Bought a +0 kite shield for 45 gold pieces
  6310 | D:5      | 6310 ||| BUYING +0 pair of gloves (45 gold).
  6310 | D:5      | Bought a +0 pair of gloves for 45 gold pieces
  6310 | D:5      | 6310 ||| SHOPLISTING +2 plate armour of positive energy
                  | (370 gold, have 181).
  6535 | D:5      | Noticed Sigmund
  6538 | D:5      | 6538 ||| INVOKING Berserk.
  6542 | D:5      | Killed Sigmund
  6703 | D:5      | Reached skill level 12 in Axes
  7041 | D:5      | 7041 ||| UPGRADING to +0 kite shield.
  7046 | D:5      | 7046 ||| UPGRADING to +0 pair of gloves.
  7051 | D:5      | 7051 ||| DRINKING 3 bubbling orange potions.
  7088 | D:6      | Reached skill level 1 in Shields
  7106 | D:6      | 7106 ||| Stepping ~*~*~tactically~*~*~ (stealth).
  7115 | D:6      | 7115 ||| Stepping ~*~*~tactically~*~*~ (stealth).
  7116 | D:6      | 7116 ||| Stepping ~*~*~tactically~*~*~ (stealth).
  7117 | D:6      | 7117 ||| Stepping ~*~*~tactically~*~*~ (stealth).
  7120 | D:6      | 7120 ||| Stepping ~*~*~tactically~*~*~ (stealth).
  7182 | D:6      | 7182 ||| Stepping ~*~*~tactically~*~*~ (hiding).
  7188 | D:6      | Reached skill level 3 in Shields
  7295 | D:6      | 7295 ||| Stepping ~*~*~tactically~*~*~ (stealth).
  7302 | D:6      | 7302 ||| FLEEEEING.
  7303 | D:6      | 7303 ||| Stepping ~*~*~tactically~*~*~ (hiding).
  7309 | D:6      | 7309 ||| INVOKING Berserk.
  7317 | D:6      | Reached XP level 9. HP: 75/75 MP: 8/8
  7476 | D:6      | Reached *** piety under Trog
  7635 | D:6      | Found a runed translucent door.
  7635 | D:6      | Noticed qw's ghost (novice GrFi)
  7669 | D:6      | Noticed Menkaure
  7672 | D:6      | 7672 ||| INVOKING Berserk.
  7676 | D:6      | Killed Menkaure
  8105 | D:6      | 8105 ||| Stepping ~*~*~tactically~*~*~ (stealth).
  8106 | D:6      | 8106 ||| Stepping ~*~*~tactically~*~*~ (stealth).
  8109 | D:6      | 8109 ||| INVOKING Berserk.
  8124 | D:6      | 8124 ||| FLEEEEING.
  8125 | D:6      | 8125 ||| STAIRDANCE
  8227 | D:5      | 8227 ||| READING scroll labelled VOREAG FOZAOZE.
  8228 | D:5      | 8228 ||| DRINKING 2 fuming coppery potions.
  8229 | D:5      | 8229 ||| DRINKING 2 fuming white potions.
  8230 | D:5      | 8230 ||| READING 3 scrolls of identify.
  8230 | D:5      | 8230 ||| IDENTIFYING inky potion
  8231 | D:5      | 8231 ||| READING 2 scrolls of identify.
  8231 | D:5      | 8231 ||| IDENTIFYING lumpy red potion
  8232 | D:5      | 8232 ||| DROPPING potion of brilliance.
  8233 | D:5      | 8233 ||| DROPPING potion of attraction.
  8240 | D:6      | Reached skill level 6 in Shields
  8346 | D:7      | Noticed a troll
  8351 | D:7      | 8351 ||| INVOKING Berserk.
  8354 | D:7      | Killed a troll
  8519 | D:7      | 8519 ||| Stepping ~*~*~tactically~*~*~ (stealth).
  8536 | D:7      | 8536 ||| INVOKING Berserk.
  8775 | D:7      | 8775 ||| Stepping ~*~*~tactically~*~*~ (hiding).
  8780 | D:7      | 8780 ||| INVOKING Berserk.
  9004 | D:7      | 9004 ||| INVOKING Berserk.
  9154 | D:7      | 9154 ||| INVOKING Berserk.
  9372 | D:7      | 9372 ||| SWAPPING to +4 hand axe of freezing.
  9373 | D:7      | 9373 ||| DROPPING +2 hand axe of freezing.
  9394 | D:7      | 9394 ||| INVOKING Berserk.
  9396 | D:7      | Reached skill level 9 in Shields
  9409 | D:7      | Reached skill level 13 in Axes
  9409 | D:7      | Reached XP level 10. HP: 86/86 MP: 9/9
  9561 | D:7      | 9561 ||| Stepping ~*~*~tactically~*~*~ (stealth).
  9563 | D:7      | 9563 ||| Stepping ~*~*~tactically~*~*~ (hiding).
  9779 | D:7      | 9779 ||| UPGRADING to +0 pair of boots.
  9784 | D:7      | 9784 ||| UPGRADING to +4 chain mail.
  9794 | D:7      | 9794 ||| DROPPING +0 chain mail.
  9795 | D:7      | 9795 ||| READING scroll labelled JEURGH XI KAVI.
  9796 | D:7      | 9796 ||| READING 4 scrolls of identify.
  9796 | D:7      | 9796 ||| IDENTIFYING lumpy golden potion
  9797 | D:7      | 9797 ||| DROPPING potion of lignification.
  9821 | D:8      | 9821 ||| STAIRDANCE
  9827 | D:8      | 9827 ||| STAIRDANCE
  9838 | D:8      | 9838 ||| Stepping ~*~*~tactically~*~*~ (stealth).
  9847 | D:8      | 9847 ||| INVOKING Berserk.
  9935 | D:8      | 9935 ||| Stepping ~*~*~tactically~*~*~ (stealth).
  9963 | D:8      | 9963 ||| Stepping ~*~*~tactically~*~*~ (stealth).
  9994 | D:8      | 9994 ||| INVOKING Berserk.
 10175 | D:8      | Found a staircase to the Lair.
 10197 | D:8      | 10197 ||| Stepping ~*~*~tactically~*~*~ (stealth).
 10206 | D:8      | Noticed Grum
 10214 | D:8      | 10214 ||| INVOKING Berserk.
 10219 | D:8      | Killed Grum
 10505 | D:8      | 10505 ||| Stepping ~*~*~tactically~*~*~ (stealth).
 10507 | D:8      | 10507 ||| Stepping ~*~*~tactically~*~*~ (stealth).
 10546 | D:8      | Found a shimmering blue altar of Sif Muna.
 10560 | D:8      | 10560 ||| INVOKING Berserk.
 10577 | D:8      | 10577 ||| Stepping ~*~*~tactically~*~*~ (stealth).
 10585 | D:8      | Reached skill level 14 in Axes
 10712 | D:8      | Noticed qw's ghost (novice FoCA)
 10726 | D:8      | Found a transporter.
 10726 | D:8      | Found a transporter.
 10742 | D:8      | Identified the ring "Loint" {rPois Int+3}
 10950 | D:8      | 10950 ||| PLANNING LAIR
 10950 | D:8      | 10950 ||| READING scroll labelled GUQAJI RIES.
 10950 | D:8      | Identified a scroll of acquirement
 10950 | D:8      | 10950 ||| ACQUIRING +0 war axe of freezing
 10950 | D:8      | Acquired a +0 war axe of freezing
 10952 | D:8      | 10952 ||| SWAPPING to +0 war axe of freezing.
 10953 | D:8      | 10953 ||| DROPPING +4 hand axe of freezing.
 10954 | D:8      | 10954 ||| READING 2 scrolls labelled DOANINWI DORGH.
 10955 | D:8      | 10955 ||| DROPPING scroll of magic mapping.
 10962 | D:8      | 10962 ||| Stepping ~*~*~tactically~*~*~ (hiding).
 10991 | D:8      | 10991 ||| Stepping ~*~*~tactically~*~*~ (stealth).
 10993 | D:8      | 10993 ||| READING scroll labelled YRHAKO RIUCIU.
 10994 | D:8      | 10994 ||| READING 5 scrolls of teleportation.
 10999 | D:8      | 10999 ||| Stepping ~*~*~tactically~*~*~ (stealth).
 11031 | Lair:1   | Entered Level 1 of the Lair of Beasts
 11034 | Lair:1   | 11034 ||| Stepping ~*~*~tactically~*~*~ (stealth).
 11072 | Lair:1   | Found a runed translucent gate.
 11072 | Lair:1   | Found a runed translucent gate.
 11072 | Lair:1   | Found a runed translucent gate.
 11170 | Lair:1   | Reached **** piety under Trog
 11201 | Lair:1   | Noticed an elephant
 11202 | Lair:1   | Noticed an elephant
 11203 | Lair:1   | Noticed an elephant
 11210 | Lair:1   | Killed an elephant
 11211 | Lair:1   | Reached skill level 6 in Armour
 11214 | Lair:1   | Killed an elephant
 11220 | Lair:1   | Killed an elephant
 11371 | Lair:1   | Noticed a cane toad
 11373 | Lair:1   | 11373 ||| INVOKING Berserk.
 11376 | Lair:1   | Killed a cane toad
 11541 | Lair:1   | Noticed qw's ghost (journeyman TrCA)
 11623 | Lair:1   | 11623 ||| READING scroll of brand weapon.
 11623 | Lair:1   | 11623 ||| BRANDING +0 war axe of freezing.
 11678 | Lair:1   | 11678 ||| INVOKING Berserk.
 11682 | Lair:1   | Reached XP level 11. HP: 94/94 MP: 10/10
 11865 | Lair:1   | Paralysed by a hornet for 3 turns
 11866 | Lair:1   | HP: 20/94 [poisoned by a hornet]
 11866 | Lair:1   | HP: 8/94 [hornet (12)]
 11867 | Lair:1   | HP: 3/94 [hornet (1)]
 11867 | Lair:1   | Slain by a hornet

Levels and vault maps discovered:
D:1:      wheals_arrival_linesprint, layout_basic,
          ebering_ecumenical_altar_petrified, chequers_avenue
D:2:      layout_loops_corners, uniq_jessica
D:3:      layout_loops_cross, zin_scriptorium, uniq_terence,
          uniq_crazy_yiuf_cottage, uniq_grinder
D:4:      layout_basic, minmay_bent
D:5:      layout_gridville, minmay_temple_entry_junction_2, serial_shops,
          shop_statue, nicolae_wormholes, uniq_prince_ribbit1, uniq_sigmund
D:6:      layout_basic, hellmonk_ghost_happy_afterlife, uniq_menkaure
D:7:      layout_rooms, nicolae_hexahallways
D:8:      layout_rooms, lemuel_coloured_pillars_altar,
          erik_lair_orcish_takeover, gammafunk_ghost_gnarly_gnolls,
          dk_noncrumbling_3, uniq_grum
Lair:1:   layout_hall_layers, gammafunk_ghost_icy, dreamdust_wasp_nest

Skill      XL: |  1  2  3  4  5  6  7  8  9 10 |
---------------+-------------------------------+-----
Axes           | 4 5 6 7 8 10 12 13 14 | 14.9
Fighting       | 6 7 8 |  8.0
Armour         | 3 4 6 |  6.8
Throwing       | 1 |  1.1
Dodging        | 3 4 |  4.0
Shields        | 3 9 10 | 10.1

Action                   |  1- 3 |  4- 6 |  7- 9 | 10-12 || total
-------------------------+-------+-------+-------+-------++-------
Melee: Hand axe          |    76 |    60 |   238 |    91 ||   465
       Headbutt          |     4 |    10 |    37 |    36 ||    87
       Kick              |     1 |    14 |    81 |     2 ||    98
       War axe           |       |       |       |    47 ||    47
Throw: Boomerang         |       |     2 |    13 |    15 ||    30
Invok: Berserk           |     2 |     6 |    15 |     6 ||    29
       Trog's Hand       |       |     1 |       |       ||     1
  Use: Scroll            |     9 |     1 |     7 |     7 ||    24
       Potion            |     1 |       |     3 |       ||     4
Armor: Animal skin       |     3 |       |       |       ||     3
       Ring mail         |    11 |    12 |       |       ||    23
       Chain mail        |       |     6 |    61 |    54 ||   121
Dodge: Dodged            |    40 |    19 |    52 |    37 ||   148
Block: Kite shield       |       |       |    40 |    52 ||    92

Table legend:
 A = Non-vault XP
 B = Vault XP
 C = Vault XP percentage of total XP
 D = Non-vault monster count
 E = Vault monster count
 F = Vault count percentage of total count
                 A         B        C        D         E       F
            +---------+---------+-------+---------+---------+-------
      Total |    8610 |    3518 |  29.0 |     178 |      36 |  16.8
            +---------+---------+-------+---------+---------+-------
        D:1 |      24 |       0 |   0.0 |      13 |       0 |   0.0
        D:2 |      23 |      37 |  61.7 |      12 |       1 |   7.7
        D:3 |     131 |     303 |  69.8 |      23 |       2 |   8.0
        D:4 |     525 |      28 |   5.1 |      22 |       7 |  24.1
        D:5 |     805 |     552 |  40.7 |      21 |       7 |  25.0
        D:6 |     739 |     177 |  19.3 |      28 |       2 |   6.7
        D:7 |    2763 |       0 |   0.0 |      32 |       0 |   0.0
        D:8 |    1030 |    1267 |  55.2 |      18 |      13 |  41.9
     Lair:1 |    2570 |    1154 |  31.0 |       9 |       4 |  30.8
            +---------+---------+-------+---------+---------+-------
